 Dungeon Crawl Stone Soup version 0.29.0-4-gdea44cf6ec (webtiles) character file.

Game seed: 16236331623123979500

189 qw the Chopper (level 5, 0/30 HPs)
             Began as a Tengu Warper on Aug 28, 2022.
             Slain by Sigmund
             ... wielding a +0 scythe
              (3 damage)
             ... on level 3 of the Dungeon.
             The game lasted 00:00:17 (3418 turns).

qw the Chopper (Tengu Warper)                       Turns: 3418, Time: 00:00:18

Health: 0/30       AC:  8    Str: 10 (13) XL:     5   Next: 68%
Magic:  9/9        EV:  5    Int: 12 (14) God:
Gold:   91         SH:  4    Dex: 16 (17) Spells: 8/8 levels left

rFire   . . .      SeeInvis .   e - +0 war axe
rCold   . . .      Faith    .   b - +0 buckler of the Neverending Gods {Dex+4}
rNeg    . . .      Spirit   .   f - +0 chain mail
rPois   .          Reflect  .   (helmet restricted)
rElec   .          Harm     .   (no cloak)
rCorr   .          Rampage  .   (no gloves)
Will    .....                   (boots unavailable)
Stlth   ..........              (no amulet)
HPRegen 0.10/turn               (no ring)
MPRegen 0.11/turn               (no ring)

@: flying quickly and evasively, quick
A: beak, talons 3, nimble flight
a: no special abilities


You were on level 3 of the Dungeon.
You visited 1 branch of the dungeon, and saw 3 of its levels.

You collected 91 gold pieces.


Innate Abilities, Weirdness & Mutations

You have a beak for a mouth.
You have claws for feet.
Your magical nature lets you fly swiftly and evasively.


   Skills:
 - Level 2.0 Fighting
 + Level 5.8 Axes
 - Level 1.0 Throwing
 - Level 2.0 Armour
 - Level 2.1 Dodging
 - Level 1.0 Shields
 - Level 2.0 Spellcasting
 - Level 2.4 Translocations


You had 8 spell levels left.
You didn't know any spells.
Your spell library contained the following spells:

 Spells                   Type           Power      Damage    Failure   Level
 Blink                    Tloc           12%        N/A       100%        2
 Gell's Gravitas          Tloc           6%         N/A       100%        3
 Lesser Beckoning         Tloc           6%         N/A       100%        3
 Teleport Other           Tloc           6%         N/A       100%        3
 Manifold Assault         Tloc           6%         N/A       100%        5

Inventory:

Hand Weapons
 c - a +0 flail
 e - a +0 war axe (weapon)
Missiles
 d - 2 boomerangs (quivered)
Armour
 b - the +0 buckler of the Neverending Gods (worn) {Dex+4}
   (You acquired it on level 1 of the Dungeon)

   Dex:       It affects your dexterity (+4).
 f - a +0 chain mail (worn)
Scrolls
 a - 2 scrolls of teleportation
 j - a scroll of identify {unknown}
Potions
 g - a potion of berserk rage {unknown}
 h - a potion of heal wounds {unknown}
 i - a potion of cancellation
 k - a potion of resistance {unknown}
 m - 3 potions of haste {unknown}

Dungeon Overview and Level Annotations

Branches:
Dungeon (3/15)

Altars:
Ru

Annotations:
D:3 Sigmund


Message History

You resist with some effort.
You hit Sigmund. Your kick misses Sigmund.
Sigmund is lightly wounded.
Sigmund casts a spell.
Sigmund flickers and vanishes!
Deactivating autopickup; reactivate with Ctrl-A.
You're too confused to attack without stumbling around!
There is a strange disturbance nearby!
You hear a zap.
A puff of flame appears from out of thin air!
The puff of flame hits you.
You're too confused to attack without stumbling around!
There is a strange disturbance nearby!
You feel less confused. Something hits you.
You barely miss something.
You hear some strange, mumbled words.
Something tries to affect you, but you resist.
You miss something. Your kick misses something. You peck something.
Something hits you but does no damage.
You completely miss something. You claw something.
Something hits you but does no damage.
You miss something. Your kick misses something. Your peck misses something.
You barely miss something. Your kick misses something.
Your peck misses something. Something hits you.
You hit something. Something hits you but does no damage.
You hit something. Something hits you but does no damage.
You hit something. Your kick misses something. Something hits you!
You hit something. Your kick misses something. Your peck misses something.
Something hits you.
You hit something. Your kick misses something. You barely miss something.
You hear a zap.
A puff of flame appears from out of thin air!
You block the puff of flame. Something hits you.
You die...

#.....# #....)# #.....#
############ #.....#
#..........# #.....#
#..........# #.....##
#........$.# #.......
#...(......# #....)##
#......@...# #(....#
#.....{...)######.....#
#####....#).....########
####).#####...## ##.
##.#######..###..
#..............#
....##########.. ###.#
### .. ###


There were no monsters in sight!

Vanquished Creatures
  10 adders
  3 worms (D:2)
  2 dart slugs
  10 orcs
  4 ball pythons (D:1)
  3 bats
  7 endoplasms
  6 giant cockroaches
  4 hobgoblins
  4 jackals (D:3)
  3 quokkas
  4 frilled lizards
  5 goblins
  6 kobolds
  3 rats
74 creatures vanquished.

Notes
Turn   | Place    | Note
-------+----------+-------------------------------------------
     0 | D:1      | qw the Tengu Warper began the quest for the Orb.
     0 | D:1      | Reached XP level 1. HP: 12/12 MP: 4/4
     0 | D:1      | 0 ||| qw: Version: 0.1-a-89-g26bdef1
     0 | D:1      | 0 ||| qw: Game counter: 1525
     0 | D:1      | 0 ||| qw: Always use a shield: true
     0 | D:1      | 0 ||| qw: God list: Okawaru
     0 | D:1      | 0 ||| qw: Allow faded altars: false
     0 | D:1      | 0 ||| qw: Do Orc after D:15 true
     0 | D:1      | 0 ||| qw: Do second Lair branch before Depths: true
     0 | D:1      | 0 ||| qw: Lair rune preference: random
     0 | D:1      | 0 ||| qw: Plans: Normal
     0 | D:1      | 0 ||| PLANNING D:1-11
   144 | D:1      | Reached skill level 3 in Axes
   144 | D:1      | Reached XP level 2. HP: 12/17 MP: 6/6
   328 | D:1      | 328 ||| Stepping ~*~*~tactically~*~*~ (stealth).
   809 | D:1      | Reached XP level 3. HP: 21/21 MP: 7/7
   897 | D:1      | 897 ||| DROPPING +0 club.
   901 | D:1      | 901 ||| Stepping ~*~*~tactically~*~*~ (stealth).
   902 | D:1      | 902 ||| Stepping ~*~*~tactically~*~*~ (stealth).
   937 | D:1      | 937 ||| Stepping ~*~*~tactically~*~*~ (stealth).
  1072 | D:1      | Reached skill level 4 in Axes
  1264 | D:1      | 1264 ||| UPGRADING to +0 ring mail.
  1274 | D:1      | 1274 ||| DROPPING +0 leather armour.
  1275 | D:1      | 1275 ||| READING 2 scrolls labelled HUMIOF HIDE.
  1279 | D:1      | 1279 ||| READING scroll labelled MIUPIFOXAH.
  1279 | D:1      | Identified a scroll of acquirement
  1279 | D:1      | 1279 ||| ACQUIRING +0 buckler of the Neverending Gods
                  | {Dex+4}
  1279 | D:1      | Acquired the +0 buckler of the Neverending Gods {Dex+4}
  1281 | D:1      | 1281 ||| UPGRADING to +0 buckler of the Neverending Gods
                  | {Dex+4}.
  1286 | D:1      | 1286 ||| READING scroll labelled KORHET JEURYRPH.
  1287 | D:1      | 1287 ||| READING scroll labelled GAGUIM AFUPS.
  1288 | D:1      | 1288 ||| DROPPING scroll of blinking.
  1299 | D:2      | Found a sacrificial altar of Ru.
  1305 | D:2      | 1305 ||| STAIRDANCE
  1523 | D:2      | Reached skill level 1 in Shields
  1523 | D:2      | 1523 ||| FLEEEEING.
  1523 | D:2      | HP: 5/21 [poisoned by an adder]
  1524 | D:2      | 1524 ||| FLEEEEING.
  1525 | D:2      | 1525 ||| FLEEEEING.
  1526 | D:2      | 1526 ||| STAIRDANCE
  1771 | D:2      | 1771 ||| STAIRDANCE
  1903 | D:2      | Reached XP level 4. HP: 12/26 MP: 8/8
  2161 | D:2      | 2161 ||| Stepping ~*~*~tactically~*~*~ (stealth).
  2361 | D:2      | Reached skill level 5 in Axes
  2378 | D:2      | 2378 ||| FLEEEEING.
  2379 | D:2      | 2379 ||| FLEEEEING.
  2477 | D:2      | 2477 ||| Stepping ~*~*~tactically~*~*~ (stealth).
  2479 | D:2      | 2479 ||| Stepping ~*~*~tactically~*~*~ (stealth).
  2486 | D:2      | 2486 ||| Stepping ~*~*~tactically~*~*~ (stealth).
  2487 | D:2      | 2487 ||| Stepping ~*~*~tactically~*~*~ (stealth).
  2600 | D:2      | Gained mutation: Your magical nature lets you fly swiftly
                  | and evasively. [Tengu growth]
  2600 | D:2      | Reached XP level 5. HP: 24/30 MP: 9/9
  2916 | D:2      | Found a faded altar of an unknown god.
  2919 | D:2      | 2919 ||| DROPPING scarf of invisibility.
  2920 | D:2      | 2920 ||| UPGRADING to +0 chain mail.
  2930 | D:2      | 2930 ||| DROPPING +0 ring mail.
  2931 | D:2      | 2931 ||| READING 2 scrolls labelled NITHUN PUPTI.
  2932 | D:2      | 2932 ||| DRINKING 2 viscous blue potions.
  2933 | D:2      | 2933 ||| DRINKING 2 puce potions.
  2934 | D:2      | 2934 ||| DRINKING 2 emerald potions.
  2935 | D:2      | 2935 ||| DROPPING potion of magic.
  2936 | D:2      | 2936 ||| DROPPING scroll of amnesia.
  2937 | D:2      | 2937 ||| DROPPING potion of degeneration.
  2968 | D:3      | 2968 ||| STAIRDANCE
  3029 | D:3      | 3029 ||| STAIRDANCE
  3091 | D:3      | 3091 ||| SWAPPING to +0 war axe.
  3094 | D:3      | 3094 ||| DROPPING +0 mace.
  3095 | D:3      | 3095 ||| DROPPING +0 hand axe.
  3104 | D:3      | 3104 ||| Stepping ~*~*~tactically~*~*~ (stealth).
  3396 | D:3      | Noticed Sigmund
  3397 | D:3      | 3397 ||| Stepping ~*~*~tactically~*~*~ (stealth).
  3398 | D:3      | 3398 ||| Stepping ~*~*~tactically~*~*~ (stealth).
  3415 | D:3      | HP: 3/30 [something (9)]
  3418 | D:3      | Slain by Sigmund

Levels and vault maps discovered:
D:1:      eino_arrival_cavern_a, layout_basic
D:2:      layout_rooms, dilly_ecumenical_altar_fadedgnrine, basic_altar
D:3:      layout_rooms, uniq_sigmund

Skill      XL: |  1  2  3  4  5 |
---------------+----------------+-----
Axes           | 3 4 5 |  5.8
Shields        | 1 |  1.0
Armour         | 2 |  2.0
Fighting       | |  2.0
Throwing       | |  1.0
Dodging        | |  2.1
Spellcasting   | |  2.0
Translocations | |  2.4

Action                   |  1- 3 |  4- 6 || total
-------------------------+-------+-------++-------
Melee: Hand axe          |    77 |    63 ||   140
       Kick              |    24 |    20 ||    44
       Peck              |    10 |    18 ||    28
       War axe           |       |    38 ||    38
Throw: Boomerang         |     7 |     1 ||     8
       Javelin           |    23 |    19 ||    42
  Use: Scroll            |     4 |     1 ||     5
       Potion            |       |     3 ||     3
 Stab: Sleeping          |     1 |       ||     1
Armor: Leather armour    |     2 |       ||     2
       Ring mail         |     6 |    15 ||    21
       Chain mail        |       |    27 ||    27
Dodge: Dodged            |    29 |    29 ||    58
Block: Buckler           |     1 |    11 ||    12

Table legend:
 A = Non-vault XP
 B = Vault XP
 C = Vault XP percentage of total XP
 D = Non-vault monster count
 E = Vault monster count
 F = Vault count percentage of total count
                 A         B        C        D         E       F
            +---------+---------+-------+---------+---------+-------
      Total |     270 |       0 |   0.0 |      74 |       0 |   0.0
            +---------+---------+-------+---------+---------+-------
        D:1 |      47 |       0 |   0.0 |      27 |       0 |   0.0
        D:2 |     167 |       0 |   0.0 |      28 |       0 |   0.0
        D:3 |      56 |       0 |   0.0 |      19 |       0 |   0.0
            +---------+---------+-------+---------+---------+-------
